[Event "Chhattisgarh Masters GM 2022"]
[Site "Chhattisgarh"]
[Date "2022.09.19"]
[Round "1.15"]
[White "Nguyen, Duc Hoa"]
[Black "Aishwin Daniel"]
[Result "1-0"]
[ECO "C11"]
[WhiteElo "2365"]
[BlackElo "2085"]
[Annotator "TA"]
[PlyCount "79"]
[EventDate "2022.09.19"]
[EventCountry "IND"]
[SourceTitle "playchess.com"]
[Source "ChessBase"]
[SourceQuality "1"]
[TimeControl "5400+30"]

1. e4 e6 2. d4 d5 3. Nc3 Nf6 4. e5 Nfd7 5. f4 c5 6. Nf3 Nc6 7. Be3 cxd4 8. Nxd4 Qb6 9. Qd2 Qxb2 10. Rb1 Qa3 11. Bb5 $1 {[%emt 0:03:14] CPLX 2.9} Nxd4 {[%emt 0:00:28] C11: French: Classical System: 4 e5 and 4 Bg5 dxe4.} 12. Bxd4 {[%emt 0:00:08] RECAPT} (12. Qxd4 a6 13. Bxd7+ Bxd7 14. Rxb7 Rc8 $17) 12... a6 {[%emt 0:00:34] EASY} 13. Bxd7+ {[%emt 0:05:10] BESTDEEP} Bxd7 {[%emt 0:00:15] RECAPT. The position is equal.} 14. Rxb7 {[%emt 0:01:08] MISS-Rb1-b3 29 (Rb1-b3) (=7)} (14. Rb3 $5 Qe7 15. Rxb7 $11) 14... Bb4 {[%emt 0:10:18] BESTDEEP} 15. O-O {[%emt 0:01:42] And now Rb1 would win. CPLX 3.8} Rc8 $132 {[%emt 0:07:25][%cal Rb4c3][%mdl 2048] Black is fighting back. CPLX 3.7 8 (Bd7-c8) (=2)} 16. Rf3 {[%emt 0:05:01][%cal Of4f5] CPLX 3.8} Bc6 {[%emt 0:07:35] [#] CPLX 3.8 23 (Qa3-a5) (=5)} 17. Rb6 $146 {[%emt 0:01:36] CPLX 3.7 23 (Rb7-a7) (=7)} ({Predecessor:} 17. Ra7 O-O 18. f5 exf5 19. e6 Bc5 20. Rxf7 Rxf7 21. exf7+ Kxf7 22. Ne2 Bxd4+ 23. Nxd4 {½-½ (47) Bosiocic,M (2555)-Pijpers,A (2436) Bol 2015}) 17... O-O {[%emt 0:04:12][%cal Oc6b5] CPLX 3.2 14 (Qa3-a5) (=6)} 18. h3 {[%emt 0:06:51] CPLX 3.1 50 (f4-f5) (=13)} ({White should try} 18. f5 $11) 18... Qa5 $15 {[%emt 0:07:28] BESTDEEP} 19. Qf2 {[%emt 0:04:29] RELBLUND 92 (Rf3-g3) (=22)} (19. Rg3 $15) 19... Bd7 {[%emt 0:09:13][%cal Rb4c3] This bishop pair is nice. CPLX 2.8 27 (Bc6-e8) (=8)} 20. Nd1 {[%emt 0:06:13] CPLX 2.7 89 (Rb6-b7) (=28)} (20. Rb7 $17) 20... Be1 $19 {[%emt 0:11:49] CPLX 2.8} 21. Qe2 {[%emt 0:09:58] MISSDEEP-Qf2-e3 101 (Qf2-e3) (=35)} (21. Qe3 $142) 21... Bb5 {[%emt 0:09:05] EASY} 22. Rxb5 {[%emt 0:00:16] BESTDEEP} axb5 {[%emt 0:01:17] RECAPT} 23. c3 {[%emt 0:00:04] [#] BESTDEEP} Rc4 $1 {[%emt 0:01:40] MISS-Be1-h4 216 (Be1-h4) (=22)} 24. f5 $1 $15 {[%emt 0:01:18] [#] DEEPSTRONG=>BLUNDERREACT} ({Reject} 24. g3 Ra8 $1 25. f5 h6 $1 $17) 24... Rxd4 {[%emt 0:04:40] RELBLUND 87 (Rf8-a8) (=27)} 25. cxd4 $11 {[%emt 0:00:22] RECAPT} Qd2 {[%emt 0:02:12] RELBLUND 82 (Be1-d2) (=30)} (25... Bd2 $11) 26. Kf1 $16 {[%emt 0:01:40][%cal Bg1f1,Bf1e2,Be2d3,Bd3c2,Bc2b3,Bb3b4][%mdl 32] Black must now prevent fxe6. CPLX 3.5=>BLUNDERREACT} Qxe2+ {[%emt 0:00:33] EASY} 27. Kxe2 {[%emt 0:00:05] RECAPT} Ba5 {[%emt 0:00:18] CPLX 2.1} 28. fxe6 {[%emt 0:01:31] CPLX 2.0} fxe6 {[%emt 0:00:09] RECAPT} 29. Rxf8+ {[%emt 0:00:25] CPLX 2.0} Kxf8 $14 {[%emt 0:00:06][%mdl 4096] Endgame KB-KN. LEGAL} 30. Kd3 $1 {[%emt 0:00:09] aiming for Nc3. CPLX 2.0} Bb6 $2 {[%emt 0:07:46][%mdl 8192] [#] RELBLUND 254 (Ba5-e1) (=36)} (30... Be1 $1 $14) 31. Nc3 $1 $18 {[%emt 0:01:44] DEEPSTRONG=>BLUNDERREACT} b4 {[%emt 0:00:23] CPLX 2.0 14 (Kf8-e7) (=35)} 32. Ne2 {[%emt 0:00:21] CPLX 2.0 159 (Nc3-a4) (=25)} (32. Na4 $142 Bd8 33. Nc5) 32... Bd8 {[%emt 0:04:07] [#] CPLX 2.0 138 (Kf8-f7) (=39)} (32... Kf7 $142 33. Nf4 Bd8) 33. Kc2 $1 {[%emt 0:00:26] DEEPSTRONG=>BLUNDERREACT} Kf7 $2 {[%emt 0:00:52] CPLX 2.0 189 (Bd8-g5) (=46)} (33... Bg5 34. Kb3 Bd2) 34. Kb3 {[%emt 0:01:10] CPLX 2.0=>BLUNDERREACT. White is clearly winning.} Be7 {[%emt 0:00:40] CPLX 2.0 57 (Bd8-a5) (=46)} 35. Nf4 {[%emt 0:01:07] CPLX 2.0} h5 {[%emt 0:00:47] EVAL 375 (Be7-g5) (=59)} (35... Bg5 $142) 36. Nxh5 {[%emt 0:00:36] EVAL} Kg6 {[%emt 0:00:06] BEVAL 264 (Be7-g5) (=67)} 37. g4 {[%emt 0:00:07] BEVAL} Bg5 {[%emt 0:01:37] BEVAL 400 (Kg6-f7) (=80)} 38. Kxb4 {[%emt 0:00:17] BEVAL} Bd2+ {[%emt 0:00:23] BEVAL 16 (Kg6-f7) (=77)} 39. Kc5 {[%emt 0:00:40] BEVAL} Kh6 {[%emt 0:01:03] BEVAL 371 (Kg6-f7) (=87)} 40. Kd6 {[%emt 0:00:41] What a bad dream for Black.  Weighted Error Value: White=0.19 (very precise) /Black=0.67} 1-0

[Event "Chhattisgarh Masters GM 2022"]
[Site "Chhattisgarh"]
[Date "2022.09.19"]
[Round "1.15"]
[White "Omidi, Arya"]
[Black "Daakshin Arun"]
[Result "1-0"]
[ECO "E60"]
[WhiteElo "2309"]
[BlackElo "2022"]
[Annotator "TA"]
[PlyCount "83"]
[EventDate "2022.09.19"]
[EventCountry "IND"]
[SourceTitle "playchess.com"]
[Source "ChessBase"]
[SourceQuality "1"]
[TimeControl "5400+30"]

1. d4 Nf6 2. Nf3 g6 3. g3 Bg7 4. Bg2 O-O 5. O-O d6 6. c4 c5 7. d5 e6 8. dxe6 Bxe6 {[%emt 0:00:38] RECAPT} 9. Ng5 $1 {[%emt 0:00:06] DEEPSTRONG. E60: King's Indian: Unusual lines and Fianchetto Variation without Nc3.} Bxc4 {[%emt 0:01:29] [#] aiming for ...Re8. BESTDEEP} 10. Bxb7 {[%emt 0:02:18] CPLX 2.6} Nbd7 {[%emt 0:00:40] CPLX 3.0 6 (Nb8-a6) (=2)} 11. Na3 {[%emt 0:15:44][%cal Bb1a3,Ba3c4,Bc4d6][%mdl 32] EASY. White is slightly better.} Rb8 $1 {[%emt 0:08:10] Strongly threatening ...Bxe2. DEEPSTRONG} 12. Nxc4 {[%emt 0:02:56] EASY} Rxb7 {[%emt 0:00:10] EASY} 13. Nxd6 {[%emt 0:01:31] BESTDEEP} Rb4 {[%emt 0:02:35] CPLX 3.1} 14. Nf3 {[%emt 0:02:33] Against Rd4. CPLX 3.1 20 (Qd1-c2) (=3)} (14. Qc2 {looks sharper.} Qe7 15. a3 Rb6 16. Nc4) 14... Qe7 {[%emt 0:08:16] BESTDEEP} 15. a3 {[%emt 0:03:23] CPLX 2.8} Rb6 {[%emt 0:02:32] CPLX 3.0 25 (Rb4-b8) (=4)} 16. Nc4 {[%emt 0:00:24] EASY} Re6 {[%emt 0:02:14] EASY} 17. Bf4 $36 {[%emt 0:19:21][%mdl 2048] Hoping for Ng5. White has good play. CPLX 2.4 4 (Nf3-g5) (=3)} Ne4 {[%emt 0:00:50] [#] Against Ng5. BESTDEEP} (17... Rxe2 $2 18. Bd6 (18. Be3 Rxe3 19. Nxe3 Nb6 $18) 18... Qe4 19. Nfd2 $18 (19. Bxf8 Qxf3 20. Bxg7 Kxg7 $16)) 18. Qc1 $146 {[%emt 0:14:57] RELBLUND 56 (Ra1-c1) (=8)} (18. Rc1 $14) ({Predecessor:} 18. Nfd2 Nxd2 19. Qxd2 Nb6 20. Nxb6 axb6 21. Bg5 Qe8 22. Be3 Qb5 23. Rab1 Rfe8 24. Rfd1 {1-0 (41) Darini,P (2159)-Kanmazalp,O (2264) Kemer 2007}) 18... Nb6 $11 {[%emt 0:04:04] CPLX 2.5} 19. Nxb6 {[%emt 0:09:59] CPLX 2.8} Rxb6 {[%emt 0:01:07] RECAPT 31 (a7xb6) (=5)} 20. Rb1 {[%emt 0:00:40] CPLX 2.6} Qe6 {[%emt 0:03:27] BESTDEEP} 21. Rd1 {[%emt 0:06:05][%cal Bf1d1,Bd1d4,Bd4c4][%mdl 32] CPLX 2.6 10 (Qc1-c2) (=7)} Re8 {[%emt 0:02:22][%cal Oe4f2] And now ...Nxf2! would win. CPLX 3.0 16 (h7-h5) (=6)} 22. Qc2 {[%emt 0:07:48] CPLX 3.0 21 (Bf4-e3) (=8)} c4 {[%emt 0:05:35] RELBLUND 85 (Bg7-f6) (=11)} (22... Bf6 $11 {keeps the balance.}) 23. Be3 $16 {[%emt 0:00:50] CPLX 3.1} Rb5 {[%emt 0:01:50] CPLX 3.1 27 (Rb6-b7) (=12)} 24. Bd4 {[%emt 0:02:44] CPLX 3.0 14 (Be3xa7) (=8)} Rh5 {[%emt 0:02:12] CPLX 3.1} 25. Bxg7 {[%emt 0:00:12] BESTDEEP} Kxg7 {[%emt 0:00:05] RECAPT} 26. Rd4 {[%emt 0:00:38] CPLX 3.2} Qf5 {[%emt 0:05:02] Loses the game. CPLX 3.3 140 (Rh5-c5) (=17)} (26... Rc5 $16) 27. Rxc4 $18 {[%emt 0:03:02] EASY} g5 {[%emt 0:00:57] CPLX 3.1 24 (Ne4-d6) (=18)} 28. Rf1 {[%emt 0:00:33] BESTDEEP} Re6 {[%emt 0:04:05] CPLX 2.9 106 (Rh5-h6) (=22)} (28... Rh6 {was worth a try.} 29. Nxg5 Nxg3 30. fxg3 Qxg5) 29. b4 {[%emt 0:00:19] BESTDEEP} Qg4 $2 {[%emt 0:03:28] EVAL 400 (Re6-e8) (=39)} (29... Re8 30. Rc5 Qf6) 30. Qb2+ {[%emt 0:00:37] EVAL} f6 {[%emt 0:02:07] EVAL 115 (Re6-f6) (=42)} 31. Qd4 {[%emt 0:01:52] EVAL} Re7 {[%emt 0:00:49] Prevents Qd7. EVAL} 32. Rfc1 {[%emt 0:00:16] White wants to mate with Rc7. EVAL} Kg6 {[%emt 0:02:44] BEVAL 400 (Qg4-d7) (=55)} 33. Rc7 {[%emt 0:01:16] BEVAL} Rxc7 {[%emt 0:01:56] BEVAL} 34. Rxc7 {[%emt 0:00:02] Threatening mate with Qd5. BEVAL} Qe6 {[%emt 0:01:55] Prevents Qd5. BEVAL 0 (Qg4-f5) (=51)} 35. Qd7 {[%emt 0:01:04] CPLX 4.4 400 (Rc7xa7) (=19)} (35. Rxa7 $142 Qe8 36. g4) 35... Qg8 {[%emt 0:01:17] MISS-Qe6xd7 400 (Qe6xd7) (=63)} (35... Qxd7 $18 36. Rxd7 Nc3 37. Rxa7 g4 38. Nh4+ Kh6) 36. g4 {[%emt 0:00:43] White mates.} Rh3 37. Qf5+ Kh6 38. Qxe4 a5 39. Kg2 axb4 40. Kxh3 bxa3 41. Qe7 Kg6 {[%emt 0:00:35] [#]} 42. Ne5+ $1 {[%emt 0:00:07] Weighted Error Value: White=0.36/Black=0.49} 1-0

[Event "Chhattisgarh Masters GM 2022"]
[Site "Chhattisgarh"]
[Date "2022.09.19"]
[Round "1.16"]
[White "Bharadia Yash"]
[Black "Panda Sambit"]
[Result "1-0"]
[ECO "B15"]
[WhiteElo "2085"]
[BlackElo "2363"]
[Annotator "TA"]
[PlyCount "103"]
[EventDate "2022.09.19"]
[EventCountry "IND"]
[SourceTitle "playchess.com"]
[Source "ChessBase"]
[SourceQuality "1"]
[TimeControl "5400+30"]

1. e4 c6 2. d4 d5 3. Nc3 dxe4 4. Nxe4 Nf6 5. Nxf6+ exf6 6. c3 Bd6 7. Bd3 O-O 8. Qc2 {[%emt 0:00:09] Active counter play! CPLX 3.2 8 (Ng1-e2) (=8)} h5 {[%emt 0:00:08] MISS-Rf8-e8 24 (Rf8-e8) (=24). B15: Caro-Kann: 3 Nc3: 3...g6 and 3...dxe4 4 Nxe4 Nf6 5 Nxf6+ exf6.} 9. Ne2 {[%emt 0:00:17] CPLX 3.0} Re8 {[%emt 0:00:05] CPLX 2.1} 10. Be3 {[%emt 0:01:05] CPLX 2.5 18 (0-0) (=9)} Nd7 {[%emt 0:00:06] BESTDEEP. White has an edge.} 11. O-O-O {[%emt 0:00:21] BESTDEEP} b5 {[%emt 0:02:23] CPLX 2.4 21 (Nd7-f8) (=11)} 12. Ng3 {[%emt 0:11:52] CPLX 2.5 12 (d4-d5) (=8)} Nb6 {[%emt 0:01:17] BESTDEEP} 13. Nxh5 {[%emt 0:12:05] CPLX 2.7 41 (Rd1-e1) (=13)} Bg4 {[%emt 0:00:04][%csl LRd1,LRh5] EASY} 14. Be2 {[%emt 0:00:36] CPLX 4.3 8 (Nh5-g3) (=12)} Bxe2 {[%emt 0:00:08] CPLX 4.5} 15. Qxe2 {[%emt 0:00:06] RECAPT} g6 {[%emt 0:06:42] [#] CPLX 2.7} 16. Ng3 $146 {[%emt 0:01:05] CPLX 2.9} ({Predecessor:} 16. g4 gxh5 17. Rhg1 Nd5 18. g5 Nf4 19. Qf3 Ng6 20. gxf6 Re6 21. Bg5 Bf8 22. Qd3 {1-0 (35) Sousa,A (2406)-Padeiro,J (2235) Evora 2021}) 16... Nc4 {[%emt 0:00:02] CPLX 2.4} (16... f5 $5 17. Qf3 $8 b4 18. cxb4 (18. Qxc6 $2 Rc8 $19) 18... Nd5 $15) 17. b3 {[%emt 0:11:09] CPLX 2.8 43 (Qe2-f3) (=13)} Nb6 {[%emt 0:44:59] MISSDEEP-Nc4xe3 56 (Nc4xe3) (=10)} (17... Nxe3 $15 18. fxe3 f5) 18. Qf3 $11 {[%emt 0:16:32] BESTDEEP} Nd5 {[%emt 0:01:35] [#] Hoping for ...Qa5. CPLX 2.4 24 (a7-a5) (=11)} 19. Bd2 $1 {[%emt 0:00:19] DEEPSTRONG} Rb8 {[%emt 0:27:29] CPLX 2.5 53 (a7-a5) (=15)} (19... a5 $14) 20. Kb1 {[%emt 0:05:48] CPLX 2.5 43 (h2-h4) (=13)} Rb6 {[%emt 0:03:33] CPLX 2.6 70 (a7-a5) (=19)} (20... a5 $14) 21. Rhe1 {[%emt 0:05:12] CPLX 2.6 68 (h2-h4) (=17)} ({Better is} 21. h4 $16) 21... Rxe1 $14 {[%emt 0:02:49] CPLX 2.8} 22. Rxe1 {[%emt 0:00:11] aiming for Ne4. RECAPT} Ra6 {[%emt 0:01:09] CPLX 2.4 98 (f6-f5) (=23)} (22... f5 $1 $14) 23. Rc1 {[%emt 0:06:08] CPLX 2.8 82 (Ng3-e4) (=20)} (23. Ne4 $16 Be7 24. Nc5 Bxc5 25. dxc5) 23... f5 {[%emt 0:00:24] CPLX 2.7 14 (Bd6-a3) (=23)} 24. c4 {[%emt 0:00:40] BESTDEEP} bxc4 {[%emt 0:02:51] EASY} 25. Rxc4 {[%emt 0:00:04] RECAPT} Qh4 {[%emt 0:00:38] CPLX 3.2 22 (Bd6-e7) (=21)} 26. Nf1 {[%emt 0:02:53][%cal Bg3f1,Bf1h2,Bh2f3][%mdl 32] CPLX 3.4 20 (h2-h3) (=18)} f4 {[%emt 0:00:21] CPLX 3.2 0 (Kg8-g7) (=20)} 27. Qe2 {[%emt 0:00:58] CPLX 3.0 33 (h2-h3) (=19)} Kg7 {[%emt 0:00:45] CPLX 3.2 49 (Qh4-f6) (=22)} (27... Qf6 $14) 28. h3 $16 {[%emt 0:02:11] BESTDEEP} Qf6 {[%emt 0:00:26] CPLX 2.9 17 (Ra6-b6) (=21)} 29. Qe4 {[%emt 0:00:22] CPLX 3.7 72 (Nf1-h2) (=20)} (29. Nh2 $16) 29... Rb6 {[%emt 0:00:34] CPLX 3.0 41 (Qf6-h4) (=22)} 30. Nh2 {[%emt 0:00:15] CPLX 2.8} Qg5 {[%emt 0:00:27] CPLX 2.8 48 (Qf6-h4) (=23)} ({Black should play} 30... Qh4) 31. Kb2 {[%emt 0:04:20] CPLX 3.0 44 (Nh2-g4) (=21)} f5 {[%emt 0:00:28] CPLX 3.9 22 (Nd5-f6) (=23)} 32. Qf3 {[%emt 0:04:03] BESTDEEP} Qe7 {[%emt 0:00:12] CPLX 3.6} 33. Qd3 {[%emt 0:02:29] CPLX 3.7 0 (Qf3-d1) (=19)} Nf6 {[%emt 0:00:46] CPLX 3.5 19 (Bd6-a3) (=22)} 34. Nf3 {[%emt 0:00:35] CPLX 3.0 0 (Qd3-c2) (=18)} Ne4 {[%emt 0:00:00] CPLX 3.0} 35. Be1 {[%emt 0:00:43] CPLX 3.7 10 (Qd3-c2) (=18)} g5 {[%emt 0:01:07] CPLX 3.6 34 (Kg7-h6) (=22)} 36. Ra4 {[%emt 0:00:49] CPLX 4.0 37 (Kb2-b1) (=19)} Qf7 {[%emt 0:00:31] CPLX 3.6 108 (c6-c5) (=25)} (36... c5 $16 37. Kb1 Rb8) 37. Qc4 {[%emt 0:01:03] CPLX 4.4 78 (h3-h4) (=21)} Qxc4 {[%emt 0:00:27] CPLX 4.7} 38. Rxc4 {[%emt 0:00:06] RECAPT} Kf6 {[%emt 0:00:15] CPLX 2.1} 39. Ra4 {[%emt 0:00:21] CPLX 2.2 24 (Nf3-e5) (=20)} a6 {[%emt 0:00:32] CPLX 2.2 109 (g5-g4) (=26)} (39... g4 $16 {keeps fighting.}) 40. Nd2 $18 {[%emt 0:01:41] CPLX 2.2} Nxd2 {[%emt 0:00:45] EASY} 41. Bxd2 {[%emt 0:00:03][%mdl 4096] Endgame KRB-KRB. RECAPT} Ke6 {[%emt 0:00:14] CPLX 2.0 11 (c6-c5) (=25)} 42. Ra5 {[%emt 0:01:43] Prevents c5. CPLX 2.0} Bc7 {[%emt 0:00:44] CPLX 2.0 32 (Rb6-b8) (=25)} 43. Kc3 {[%emt 0:00:40] CPLX 2.0 2 (Kb2-c2) (=18)} Rb5 {[%emt 0:00:34] CPLX 2.0 147 (Ke6-f6) (=28)} (43... Kf6 {is a better defense.} 44. Kd3 Ke6) 44. Rxa6 {[%emt 0:00:22] EASY} Kd5 {[%emt 0:00:01] CPLX 2.1} 45. Kd3 {[%emt 0:00:30] CPLX 2.2} Rb8 {[%emt 0:00:36] CPLX 2.3 26 (g5-g4) (=28)} 46. Ra7 {[%emt 0:00:23][%cal Ba6a7,Ba7e7,Be7e5,Be5f5][%mdl 32] BESTDEEP} Bb6 {[%emt 0:00:24] CPLX 2.5 137 (Bc7-d6) (=30)} 47. Re7 {[%emt 0:00:41] BESTDEEP. White is clearly winning.} Rd8 {[%emt 0:00:56] CPLX 2.5 68 (Rb8-g8) (=31)} 48. Re5+ {[%emt 0:00:19] EASY} Kd6 {[%emt 0:00:01] LEGAL} 49. Rxf5 {[%emt 0:00:15] CPLX 2.3} Ke6 {[%emt 0:00:18] CPLX 2.2} 50. Re5+ {[%emt 0:00:07] CPLX 2.7} Kf6 {[%emt 0:00:00] CPLX 2.2 81 (Ke6-f7) (=31)} 51. Bc3 {[%emt 0:00:21] CPLX 2.5} c5 {[%emt 0:00:09][%cal Rc5d4] EVAL 117 (Rd8-d7) (=33)} 52. d5 {[%emt 0:00:21] Weighted Error Value: White=0.18 (very precise) /Black=0.31} 1-0

[Event "Chhattisgarh Masters GM 2022"]
[Site "Chhattisgarh"]
[Date "2022.09.19"]
[Round "1.16"]
[White "Singh, Arvinder Preet"]
[Black "Chakravarthi Reddy, M."]
[Result "0-1"]
[ECO "C11"]
[WhiteElo "2007"]
[BlackElo "2306"]
[Annotator "TA"]
[PlyCount "86"]
[EventDate "2022.09.19"]
[EventCountry "IND"]
[SourceTitle "playchess.com"]
[Source "ChessBase"]
[SourceQuality "1"]
[TimeControl "5400+30"]

1. e4 e6 2. d4 d5 3. Nc3 Nf6 4. e5 Nfd7 5. f4 c5 6. Nf3 Nc6 7. Ne2 Be7 8. c3 O-O 9. a3 {[%emt 0:12:00] C11: French: Classical System: 4 e5 and 4 Bg5 dxe4.} a5 10. g3 {[%emt 0:10:39] 10.h4 is setting a new trend.} f6 11. Bg2 {[%emt 0:07:06] The position is equal.} (11. Bh3 $5 ) 11... Qb6 {[%emt 0:10:36] [#]} 12. Bh3 $146 ({Predecessor:} 12. exf6 Nxf6 13. O-O Bd7 14. Rb1 Rac8 15. Ne5 cxd4 16. Nxd7 Nxd7 17. cxd4 Bxa3 18. f5 exf5 19. Bxd5+ {0-1 (51) Pasti,A (2069)-Metzdorf,M (1878) Bad Blankenburg 2018}) 12... cxd4 13. cxd4 (13. exf6 $1 $11 Nxf6 14. cxd4) 13... fxe5 $1 $15 14. Bxe6+ (14. dxe5 $15 Nc5 15. Be3) 14... Kh8 $17 {[%emt 0:00:02] aiming for ...e4.} 15. Bxd5 (15. O-O $17 {was necessary.}) 15... exd4 $1 $19 16. Qb3 (16. Nfxd4 $2 Nxd4 17. Be3 (17. Qxd4 $2 Bc5 $19) (17. Nxd4 $2 Nf6 $19) 17... Nc2+ $1 18. Qxc2 Qxe3 $19) 16... Qxb3 17. Bxb3 Nc5 $1 18. Bc4 Bg4 ({And not} 18... Be6 19. Bxe6 Nxe6 20. O-O $15) 19. Ne5 (19. O-O $142) 19... Nxe5 20. fxe5 b5 21. Bd5 (21. Bxb5 Nb3 22. Rb1) 21... Rad8 22. Ba2 Bxe2 (22... Nd3+ $142 23. Kd2 Bg5+ 24. Nf4 Nxf4 25. gxf4 Rxf4) 23. Kxe2 d3+ 24. Ke1 d2+ 25. Bxd2 Nd3+ 26. Kd1 Rf2 (26... Nxe5 27. Ke2 $17) 27. Bxa5 Nxb2+ 28. Ke1 Nd3+ 29. Kd1 Bg5 (29... Rd4 {( -> ...Bg5)} 30. Bc3 Rd8) 30. Bb1 Rd5 (30... Kg8 $19 31. Bxd3 (31. Ba2+ Kh8 $17) 31... Rxd3+ 32. Ke1 Rb2) 31. Bxd3 $17 Rxd3+ 32. Ke1 {[%emt 0:00:00] [#]} Rff3 {[%emt 0:00:56] Black is much more active. The white rooks are badly placed.} (32... Rb2 $1 $17 {Threatens to win with ...Kg8.} 33. Rf1 Re3+ 34. Kd1 h6) 33. Bb4 Rde3+ {[%emt 0:00:09][%mdl 1024] Black has compensation.} 34. Kd1 Rf2 35. Rc1 ({White should play} 35. h4 $1 $14 Bd8 36. Rc1 (36. Bc5 Rd3+ 37. Ke1 Rc2 $15) 36... Rxe5 37. Rc8) 35... h5 $11 36. Rc8+ (36. h4 $1 $11 {keeps the balance.} Bh6 37. e6) 36... Kh7 $17 {[%emt 0:00:03] Strongly threatening ...Rb3.} 37. h4 {[%emt 0:00:55] [#]} Bh6 38. Rc5 $2 {[%emt 0:00:33][%mdl 8192] Now White is beyond hope.} (38. e6 $17) 38... Ra2 {[%emt 0:01:31] Black is clearly winning.} 39. Rc3 {[%emt 0:00:30] Against Rd3+. And now Rxe3 would win.} Ra1+ 40. Rc1 Rxc1+ {[%emt 0:00:03][%mdl 64] Deflection} 41. Kxc1 Re1+ $1 {[%emt 0:00:01][%mdl 64] Discovered Attack (Double check), Double Attack} 42. Kc2 Rxh1 43. e6 Kg6 {[%emt 0:00:12] Weighted Error Value: White=0.84/Black=0.50} 0-1

[Event "Chhattisgarh Masters GM 2022"]
[Site "Chhattisgarh"]
[Date "2022.09.19"]
[Round "1.17"]
[White "Liyanage, Ranindu Dilshan"]
[Black "Pattnayak Nilsu"]
[Result "1-0"]
[ECO "D00"]
[WhiteElo "2306"]
[BlackElo "2002"]
[Annotator "TA"]
[PlyCount "53"]
[EventDate "2022.09.19"]
[EventCountry "IND"]
[SourceTitle "playchess.com"]
[Source "ChessBase"]
[SourceQuality "1"]
[TimeControl "5400+30"]

1. d4 Nf6 2. Nc3 d5 3. Bf4 Bf5 4. e3 e6 5. f3 Nh5 6. Be5 {[%emt 0:14:10] D00: 1 d4 d5: Unusual lines.} (6. g4 {seems wilder.} Nxf4 7. gxf5 Qh4+ 8. Kd2) 6... f6 7. Bg3 Nxg3 8. hxg3 {[%emt 0:00:07] [#] The position is equal.} Bd6 $146 ({Predecessor:} 8... Nc6 9. a3 Qd6 10. f4 O-O-O 11. Qd2 e5 12. O-O-O exd4 13. exd4 Be4 14. Qf2 Bf5 {½-½ (77) Burkhardt,H (2033)-Moeller,J (1784) Verden 2019}) 9. g4 Bg6 10. Bd3 {[%emt 0:00:14] And now Bxg6+ would win.} f5 (10... Bf7 $11) 11. gxf5 $16 exf5 12. Qd2 Bg3+ (12... Nc6 $142) 13. Kf1 c6 14. f4 $1 {[%emt 0:00:54] Hoping for Nf3.} Bh4 15. Nf3 $36 {[%emt 0:00:10][%mdl 2048] White is on the roll. White is more active.} Be7 (15... Bf6 $16 {might work better.} 16. g4 Qd7) 16. g4 $18 O-O 17. Qh2 (17. Ne5 $18) 17... h6 (17... Nd7 $16) 18. Ne5 Bh7 19. g5 Kh8 20. Qh5 ({Not} 20. gxh6 g6 21. Rg1 Qd6 $18) 20... Qe8 21. g6 Bg8 22. Bxf5 {[%emt 0:00:23] Threatens to win with Ke2.} Bd6 (22... Rf6 $142 23. Ng4 Qf8) 23. Ng4 {[%emt 0:00:43] Pair of Knights!} (23. Qg5 $142 {[%cal Oh1h6] Intending Rxh6+! and mate.} Qe7 24. Rxh6+ $1 gxh6 25. g7+ (25. Qxh6+ Bh7 $16) 25... Qxg7 26. Ng6+ Qxg6 27. Qxg6) 23... Rxf5 24. Qxf5 {[%emt 0:01:52][%cal Oh1h6] White wants to mate with Rxh6+!} Be6 $2 {[%emt 0:00:24] [#]} (24... Nd7 $18 25. Qg5 Bf8) 25. Rh3 $4 h5 $4 (25... Bxf5 $19 26. Rh4 Qe7) 26. Rxh5+ Kg8 {[%emt 0:03:13] [#]} 27. Rh6 $4 {[%emt 0:00:00][%mdl 40960] White took control after the opening.  Weighted Error Value: White=0.64/Black=0.78. Loss on time!?} 1-0

[Event "Chhattisgarh Masters GM 2022"]
[Site "Chhattisgarh"]
[Date "2022.09.19"]
[Round "1.18"]
[White "Chidvilash Sai Surapaneni"]
[Black "Sourath Biswas"]
[Result "1-0"]
[ECO "A36"]
[WhiteElo "2000"]
[BlackElo "2302"]
[Annotator "TA"]
[PlyCount "101"]
[EventDate "2022.09.19"]
[EventCountry "IND"]
[SourceTitle "playchess.com"]
[Source "ChessBase"]
[SourceQuality "1"]
[TimeControl "5400+30"]

1. c4 g6 2. Nc3 Bg7 3. g3 c5 4. Bg2 Nc6 5. e4 a6 6. a4 d6 7. d3 e6 8. Nge2 Nge7 9. O-O O-O 10. Rb1 {[%emt 0:00:45] A36: Symmetrical English vs ...g6: 4 Bg2 Bg7.} Rb8 {[%emt 0:00:33] [#]} 11. Bd2 $146 ({Predecessor:} 11. Be3 Qb6 12. Na2 Qa5 13. Bd2 Qc7 14. b4 b6 15. Qb3 Bb7 16. b5 axb5 17. axb5 {0-1 (66) Steingrimsson,H (2556)-Cheparinov,I (2664) Plovdiv 2012}) 11... Nd4 12. b4 {[%emt 0:16:29] White has an edge.} Nec6 13. b5 axb5 14. axb5 Ne5 15. Nc1 f5 16. f4 Ng4 17. h3 Nf6 18. Kh2 (18. exf5 $14 gxf5 19. N3e2) 18... b6 19. exf5 gxf5 20. N1e2 Bb7 21. Nxd4 cxd4 22. Na2 Bxg2 23. Kxg2 Ra8 (23... d5 $11) 24. Nb4 $14 Qc7 {[%emt 0:06:35] Black is on the road to losing.} ({Black should try} 24... Qd7 $14) 25. Qf3 (25. Nc6 {is more complex.} d5 26. Bb4 dxc4 27. Bxf8 Bxf8 28. Ra1) 25... Qc8 (25... d5 $16) 26. Ra1 Kh8 (26... e5 $142) 27. Qc6 $18 Qxc6+ (27... d5 $142) 28. Nxc6 (28. bxc6 Kg8 29. Kf3 Ra5 30. Rxa5 bxa5 $18) 28... Rfe8 29. Bb4 Rxa1 30. Rxa1 e5 31. Bxd6 e4 32. Be5 ({Less strong is} 32. Nxd4 Nd7 $18) 32... exd3 33. Rd1 ({Not} 33. Nxd4 Ne4 $16) 33... Ra8 34. Bxf6 ({Don't do} 34. Nxd4 Ne4 $18) 34... Bxf6 35. Rxd3 {[%emt 0:00:03][%mdl 4096] Endgame KRB-KRN} Kg7 36. g4 fxg4 37. hxg4 Kg6 38. Kf3 Ra4 (38... Re8 $142 39. g5 Bg7 40. Nxd4 Re1) 39. g5 Bg7 40. Ne7+ Kf7 41. Nf5 Bf8 42. Rxd4 Ke6 43. Kg4 Ra1 44. Re4+ Kf7 45. Ne3 h6 46. gxh6 Rg1+ (46... Rh1 $142 47. Nd5 Rxh6) 47. Kf5 Rg6 48. Ng4 {[%emt 0:00:06] White mates.} Rd6 49. h7 Bg7 50. Re2 Rd8 51. Ra2 {[%emt 0:00:10] Weighted Error Value: White=0.13 (very precise) /Black=0.39} 1-0